 Dungeon Crawl Stone Soup version 0.31-a0-819-gf6de2f5ab6 (webtiles) character file.

Game seed: 1074824405811170847

116 Shayle the Ogre Mage (level 5, -2/48 HPs)
             Began as an Ogre Hexslinger on Sept 24, 2023.
             Killed from afar by an orc wizard (3 damage)
             ... with a magic dart
             ... on level 3 of the Dungeon.
             The game lasted 00:03:07 (2107 turns).

Shayle the Ogre Mage (Ogre Hexslinger)              Turns: 2107, Time: 00:03:07

Health: -2/48      AC:  3    Str: 12    XL:     5   Next: 0%
Magic:  10/11      EV: 10    Int: 16    God:
Gold:   98         SH:  0    Dex: 11    Spells: 11/11 levels left

rFire   . . .        a - +1 sling
rCold   . . .        (no shield)
rNeg    . . .        c - +0 robe
rPois   .            (helmet restricted)
rElec   .            (no cloak)
rCorr   .            (gloves unavailable)
SInv    .            (boots unavailable)
Will    .....        (no amulet)
Stlth   +            (no ring)
HPRegen 0.28/turn    (no ring)
MPRegen 0.12/turn

%: no passive effects
@: weak-willed, attractive
A: large, unfitting armour, tough skin 1, high MP 1
a: no special abilities


You were on level 3 of the Dungeon.
You visited 1 branch of the dungeon, and saw 3 of its levels.

You collected 98 gold pieces.

Inventory:

Hand Weapons
 a - a +1 sling (weapon)
Armour
 c - a +0 robe (worn)
Scrolls
 b - 2 scrolls of poison
 e - a scroll of identify
 f - a scroll of teleportation {unknown}
 g - a scroll of enchant weapon
 l - a scroll of fear {unknown}
Potions
 k - a potion of attraction


   Skills:
 - Level 1.3 Fighting
 - Level 1.3 Ranged Weapons
 - Level 1.7 Dodging
 + Level 3.6 Spellcasting
 - Level 2.6 Hexes
 + Level 2.7 Necromancy
 - Level 0.8 Fire Magic


You had 11 spell levels left.
You didn't know any spells.
Your spell library contained the following spells:

 Spells                   Type           Power      Damage    Failure   Level
 Jinxbite                 Hex            22%        N/A       9%          2
 Sigil of Binding         Hex            11%        N/A       17%         3
 Shock                    Conj/Air       8%         1d3       19%         1
 Inner Flame              Hex/Fire       8%         N/A       26%         3
 Swiftness                Air            2%         N/A       47%         3
 Cause Fear               Hex            5%         N/A       50%         4
 Dimensional Bullseye     Hex/Tloc       3%         N/A       69%         4
 Airstrike                Air            1%         2d(1-17)  87%         4


Dungeon Overview and Level Annotations

Branches:
Dungeon (3/15)

Altars:
Fedhas


Innate Abilities, Weirdness & Mutations

You are too large for most types of armour.
You have tough skin. (AC +1)
You have an increased reservoir of magic. (+10% MP)


Message History

The magic dart hits you. Something hits you but does no damage.
You shoot a sling bullet. Something hits you.
You shoot a sling bullet.
You hear some strange, mumbled words.
A magic dart appears from out of thin air!
The magic dart hits you.
You shoot a sling bullet. Something hits you.
You shoot a sling bullet. Something hits you.
* * * LOW HITPOINT WARNING * * *
Something hits you.
* * * LOW HITPOINT WARNING * * *
You shoot a sling bullet. Something hits you.
* * * LOW HITPOINT WARNING * * *
It was a potion of mutation.
You feel extremely strange.
You feel more energetic. Something hits you.
* * * LOW HITPOINT WARNING * * *
It was a potion of curing.
You feel better. Something hits you.
* * * LOW HITPOINT WARNING * * *
You aren't carrying any items that you can evoke.
You shoot a sling bullet. Something hits you.
* * * LOW HITPOINT WARNING * * *
You shoot a sling bullet. Something hits you.
* * * LOW HITPOINT WARNING * * *
Something hits you.
* * * LOW HITPOINT WARNING * * *
Okay, then.
You shoot a sling bullet. Something hits you.
* * * LOW HITPOINT WARNING * * *
As you read the scroll labelled EFECRAFFADGH, it crumbles to dust.
It is a scroll of identify.
g - a scroll of enchant weapon Something hits you.
* * * LOW HITPOINT WARNING * * *
As you read the scroll labelled IRIYBBIDIR, it crumbles to dust.
Magic quickly surges around you.
It was a scroll of vulnerability.
You hear some strange, mumbled words.
A magic dart appears from out of thin air!
The magic dart hits you.
You die...

.####...#####.#>...†.
.............###.#.##
..........## ##....
.........†###.<...
#...#####.#...#..
#...# ##.##...#
##...### ####...#
#......# #..##
#@#.##.# ### #..##
#{#.##.###.###....
#)#.......#.###.##
#)####.###.#.##.##
.†. ...###....#...
...#####.......###
..... ...........##
..... ###.#.....##
......####......##


There were no monsters in sight!

Vanquished Creatures
  3 adders
  A worm (D:2)
  5 dart slugs
  5 orcs (D:3)
  A ball python (D:2)
  6 bats
  7 endoplasms
  A giant cockroach (D:1)
  4 goblins
  7 hobgoblins
  8 jackals
  3 kobolds (D:1)
  4 quokkas
  4 frilled lizards
  5 rats
64 creatures vanquished.

Notes
Turn   | Place    | Note
-------+----------+-------------------------------------------
     0 | D:1      | Shayle the Ogre Hexslinger began the quest for the Orb.
     0 | D:1      | Reached XP level 1. HP: 19/19 MP: 2/2
    43 | D:1      | Found a faded altar of an unknown god.
    82 | D:1      | Reached XP level 2. HP: 26/27 MP: 4/4
    83 | D:1      | Reached skill level 1 in Necromancy
   108 | D:1      | Reached skill level 2 in Spellcasting
   274 | D:1      | Reached XP level 3. HP: 33/33 MP: 6/6
  1006 | D:2      | Found a blossoming altar of Fedhas.
  1020 | D:2      | Reached skill level 3 in Spellcasting
  1282 | D:2      | Reached XP level 4. HP: 41/41 MP: 8/8
  2085 | D:3      | Reached XP level 5. HP: 25/48 MP: 10/10
  2101 | D:3      | Gained mutation: You have an increased reservoir of magic.
                  | (+10% MP) [potion of mutation]
  2106 | D:3      | HP: 1/48 [something (3)]
  2107 | D:3      | Killed from afar by an orc wizard

Illustrated notes

Levels and vault maps discovered:
D:1:      mrwooster_arrival_statue_3, layout_rooms,
          shapermc_ecumenical_altar_gd, minmay_pentomino_v2
D:2:      layout_loops_corners, basic_altar, kennysheep_crisscross
D:3:      layout_loops_cross

Skill      XL: |  1  2  3 |
---------------+----------+-----
Necromancy     | 1 2 |  2.7
Spellcasting   | 2 3 |  3.6
Fighting       | |  1.3
Ranged Weapons | |  1.3
Dodging        | |  1.7
Hexes          | |  2.6
Fire Magic     | |  0.8

Action                     |  1- 3 |  4- 6 || total
---------------------------+-------+-------++-------
   Fire: Sling             |   139 |   113 ||   252
    Use: Potion            |       |     4 ||     4
         Scroll            |       |     2 ||     2
 Armour: Robe              |    56 |    77 ||   133
  Dodge: Dodged            |    35 |    29 ||    64

Table legend: (Time is in decaauts)
 A = Elapsed time spent in this place.
 B = Non-inter-level travel time spent in this place.
 C = Inter-level travel time spent in this place.
 D = Time resting spent in this place.
 E = Time spent auto-exploring this place.
 F = Levels seen in this place.
 G = Mean time per level.
                   A        B        C        D        E       F      G
               +--------+--------+--------+--------+--------+-----+--------+
         Total |   2192 |   2112 |     80 |     85 |   1541 |   3 |  730.7 |
       Dungeon |   2192 |   2112 |     80 |     85 |   1541 |   3 |  730.7 |
               +--------+--------+--------+--------+--------+-----+--------+

Top non-repeatable levels by time:
     D:2: 1016 daAuts
     D:1: 809 daAuts
     D:3: 366 daAuts
